NWL (28 & UNDER)
MENLO MANIACS @ SAN DIEGO SMASHERS
08/31/2029
 
TOP OF THE 1ST
Menlo Maniacs batting - Pitching for San Diego Smashers : LHP Jorge Mora
Pitching: LHP Jorge Mora
Batting: LHB Bernardo Rodríguez 0-0: Ball
1-0: Ball
2-0: Called Strike
2-1: Foul Ball, location: 2F
2-2: Strikes out looking
Batting: RHB Joe Smith 0-0: SINGLE (Line Drive, 6D)
Batting: LHB Bob Campbell 0-0: Ball
1-0: Ball
2-0: Fly out, F9 (Line Drive, 9)
Batting: RHB Joe Noble 0-0: Ball
1-0: Ball
2-0: Foul Ball, location: 2F
2-1: Fly out, F9 (Flyball, 9)
Top of the 1st over - 0 runs, 1 hit, 0 errors, 1 left on base; Menlo 0 - San Diego 0
BOTTOM OF THE 1ST
San Diego Smashers batting - Pitching for Menlo Maniacs : RHP Cristo Balderas
Pitching: RHP Cristo Balderas
Batting: LHB Dale Miller 0-0: Called Strike
0-1: Fly out, F5 (Popup, 5F)
Batting: LHB Richard Brooks 0-0: Ball
1-0: Ball
2-0: Fly out, F8 (Flyball, 8LD)
Batting: LHB John White 0-0: Ball
1-0: Fly out, F7 (Flyball, 7)
Bottom of the 1st over - 0 runs, 0 hits, 0 errors, 0 left on base; Menlo 0 - San Diego 0
TOP OF THE 2ND
Menlo Maniacs batting - Pitching for San Diego Smashers : LHP Jorge Mora
Batting: RHB Gerald Miller 0-0: Called Strike
0-1: Swinging Strike
0-2: Ball
1-2: Strikes out swinging
Batting: RHB Currito Campos 0-0: Fly out, F8 (Flyball, 78M)
Batting: RHB Dani Torres 0-0: Ball
1-0: Ball
2-0: Swinging Strike
2-1: Ball
3-1: Foul Ball, location: 2F
3-2: Fly out, F8 (Flyball, 8LD)
Top of the 2nd over - 0 runs, 0 hits, 0 errors, 0 left on base; Menlo 0 - San Diego 0
BOTTOM OF THE 2ND
San Diego Smashers batting - Pitching for Menlo Maniacs : RHP Cristo Balderas
Batting: LHB Steven Smith 0-0: Ball
1-0: Fly out, F7 (Flyball, 7LM)
Batting: RHB Gerald Davis 0-0: Foul Ball, location: 2F
0-1: Ball
1-1: SINGLE (Line Drive, 7S)
Batting: RHB Ray Rogers 0-0: Ball
Gerald Davis steals 2nd base
1-0: Ball
Gerald Davis is caught stealing 3rd base
2-0: Ball
3-0: Called Strike
3-1: Base on Balls
Batting: SHB Michael Aisher 0-0: Ball
1-0: Ground out 4-3 (Groundball, 34)
Bottom of the 2nd over - 0 runs, 1 hit, 0 errors, 1 left on base; Menlo 0 - San Diego 0
TOP OF THE 3RD
Menlo Maniacs batting - Pitching for San Diego Smashers : LHP Jorge Mora
Batting: LHB Derrek Robinson 0-0: Ball
1-0: Fly out, F6 (Line Drive, 56)
Batting: RHB Glenn Carter 0-0: SINGLE (Groundball, 56D)
Batting: LHB Bernardo Rodríguez 0-0: Ball
1-0: Ball
2-0: Called Strike
2-1: Foul Ball, location: 2F
2-2: Fly out, F7 (Flyball, 7D)
Batting: RHB Joe Smith 0-0: Ball
1-0: Foul Ball, location: 2F
1-1: Called Strike
1-2: Fielders Choice at 2nd, 6-4 (Groundball, 6)
Top of the 3rd over - 0 runs, 1 hit, 0 errors, 1 left on base; Menlo 0 - San Diego 0
BOTTOM OF THE 3RD
San Diego Smashers batting - Pitching for Menlo Maniacs : RHP Cristo Balderas
Batting: LHB Nick Hill 0-0: Ball
1-0: Swinging Strike
1-1: Ground out U3 (Groundball, 34S)
Batting: RHB Juan Morales 0-0: Foul Ball, location: 2F
0-1: Ball
1-1: Swinging Strike
1-2: DOUBLE (Flyball, 89D)
Batting: LHB Dale Miller 0-0: Ball
1-0: Swinging Strike
1-1: Ball
2-1: Ball
3-1: Called Strike
3-2: Fly out, F5 (Popup, 56S)
Batting: LHB Richard Brooks 0-0: Ball
1-0: Foul Ball, location: 2F
1-1: Ball
2-1: Ball
3-1: Foul Ball, location: 2F
3-2: SINGLE (Line Drive, 56)
Juan Morales to third
Juan Morales scores
Batting: LHB John White 0-0: Called Strike
Richard Brooks steals 2nd base
0-1: Swinging Strike
0-2: Strikes out looking
Bottom of the 3rd over - 1 run, 2 hits, 0 errors, 1 left on base; Menlo 0 - San Diego 1
TOP OF THE 4TH
Menlo Maniacs batting - Pitching for San Diego Smashers : LHP Jorge Mora
Batting: LHB Bob Campbell 0-0: Called Strike
0-1: Foul Ball, location: 2F
0-2: Strikes out swinging
Batting: RHB Joe Noble 0-0: Fly out, F6 (Line Drive, 6)
Batting: RHB Gerald Miller 0-0: Foul Ball, location: 2F
0-1: Swinging Strike
0-2: Ball
1-2: Strikes out swinging, 2-3 out at first.
Top of the 4th over - 0 runs, 0 hits, 0 errors, 0 left on base; Menlo 0 - San Diego 1
BOTTOM OF THE 4TH
San Diego Smashers batting - Pitching for Menlo Maniacs : RHP Cristo Balderas
Batting: LHB Steven Smith 0-0: Called Strike
0-1: Ball
1-1: Ball
2-1: Foul Ball, location: 2F
2-2: Ball
3-2: Foul Ball, location: 2F
3-2: Ground out 6-3 (Groundball, 56)
Batting: RHB Gerald Davis 0-0: Called Strike
0-1: Ball
1-1: Ball
2-1: Swinging Strike
2-2: Foul Ball, location: 2F
2-2: SINGLE (Line Drive, 9S)
Batting: RHB Ray Rogers 0-0: Called Strike
0-1: Called Strike
0-2: Ball
1-2: SINGLE (Line Drive, 8LS)
Gerald Davis to second
Batting: SHB Michael Aisher 0-0: Fielders Choice at 2nd, 5-4 (Groundball, 56)
Gerald Davis to third
Batting: LHB Nick Hill 0-0: Called Strike
0-1: Reached on error, E4 (Flyball, 3D)
Gerald Davis scores
Michael Aisher to second
Batting: RHB Juan Morales 0-0: SINGLE (Groundball, 56S) (infield hit)
Michael Aisher to third
Nick Hill to second
Batting: LHB Dale Miller 0-0: Ground out 4-3 (Groundball, 4)
Bottom of the 4th over - 1 run, 3 hits, 1 error, 3 left on base; Menlo 0 - San Diego 2
TOP OF THE 5TH
Menlo Maniacs batting - Pitching for San Diego Smashers : LHP Jorge Mora
Batting: RHB Currito Campos 0-0: Ground out 4-3 (Groundball, 34)
Batting: RHB Dani Torres 0-0: Called Strike
0-1: Swinging Strike
0-2: Ball
1-2: Ball
2-2: DOUBLE (Line Drive, 9LM)
Batting: LHB Derrek Robinson 0-0: Ground out U3 (Groundball, 3)
Dani Torres to third
Batting: RHB Glenn Carter 0-0: Called Strike
0-1: Ground out 6-3 (Groundball, 6)
Top of the 5th over - 0 runs, 1 hit, 0 errors, 1 left on base; Menlo 0 - San Diego 2
BOTTOM OF THE 5TH
San Diego Smashers batting - Pitching for Menlo Maniacs : RHP Cristo Balderas
Batting: LHB Richard Brooks 0-0: Ball
1-0: Foul Ball, location: 2F
1-1: Hit by Pitch
Batting: LHB John White 0-0: Ball
1-0: Called Strike
1-1: Swinging Strike
1-2: Strikes out swinging
Batting: LHB Steven Smith 0-0: Ball
1-0: Ball
2-0: Called Strike
2-1: Ball
3-1: Base on Balls
Richard Brooks to second
Batting: RHB Gerald Davis 0-0: Grounds into double play, 6-4-3 (Groundball, 6)
Bottom of the 5th over - 0 runs, 0 hits, 0 errors, 1 left on base; Menlo 0 - San Diego 2
TOP OF THE 6TH
Menlo Maniacs batting - Pitching for San Diego Smashers : LHP Jorge Mora
Batting: LHB Bernardo Rodríguez 0-0: Foul Ball, location: 2F
0-1: Swinging Strike
0-2: Foul Ball, location: 2F
0-2: Ball
1-2: Ball
2-2: Ball
3-2: Foul Ball, location: 2F
3-2: DOUBLE (Line Drive, 89M)
Batting: RHB Joe Smith 0-0: Called Strike
0-1: Called Strike
0-2: Ball
1-2: Ball
2-2: Foul Ball, location: 2F
2-2: Ball
3-2: Fly out, F8 (Flyball, 8LS)
Batting: LHB Bob Campbell 0-0: Called Strike
0-1: Called Strike
0-2: Strikes out looking
Batting: RHB Joe Noble 0-0: Ball
1-0: Ball
2-0: Foul Ball, location: 2F
2-1: Ground out 5-3 (Groundball, 56)
Top of the 6th over - 0 runs, 1 hit, 0 errors, 1 left on base; Menlo 0 - San Diego 2
BOTTOM OF THE 6TH
San Diego Smashers batting - Pitching for Menlo Maniacs : RHP Cristo Balderas
Batting: RHB Ray Rogers 0-0: Ball
1-0: Ball
2-0: Called Strike
2-1: Called Strike
2-2: Strikes out swinging
Batting: SHB Michael Aisher 0-0: Called Strike
0-1: Ball
1-1: Swinging Strike
1-2: Ball
2-2: Foul Ball, location: 2F
2-2: DOUBLE (Flyball, 89XD)
Batting: LHB Nick Hill 0-0: Intentional Walk
Batting: RHB Juan Morales 0-0: Foul Ball, location: 2F
0-1: DOUBLE (Line Drive, 7LS)
Michael Aisher scores
Nick Hill to third
Batting: LHB Dale Miller 0-0: Called Strike
0-1: Ball
1-1: Swinging Strike
1-2: Ball
2-2: Foul Ball, location: 2F
2-2: Ball
3-2: Foul Ball, location: 2F
3-2: Base on Balls
Pitching: RHP Brad Small
Batting: LHB Richard Brooks 0-0: Ball
1-0: Ball
2-0: Called Strike
2-1: Ball
3-1: Base on Balls
Nick Hill scores
Juan Morales to third
Dale Miller to second
Batting: LHB John White 0-0: Called Strike
0-1: Foul Ball, location: 2F
0-2: Ball
1-2: Foul Ball, location: 2F
1-2: Fly out, F9 (Flyball, 89S)
Runner from 3rd tags up, SCORES, no throw
Batting: LHB Steven Smith 0-0: Called Strike
0-1: Swinging Strike
0-2: Foul Ball, location: 2F
0-2: Ball
1-2: Ball
2-2: Ground out 4-3 (Groundball, 34)
Bottom of the 6th over - 3 runs, 2 hits, 0 errors, 2 left on base; Menlo 0 - San Diego 5
TOP OF THE 7TH
Menlo Maniacs batting - Pitching for San Diego Smashers : LHP Jorge Mora
Batting: RHB Gerald Miller 0-0: Swinging Strike
0-1: Swinging Strike
0-2: Foul Ball, location: 2F
0-2: Ball
1-2: Strikes out looking
Batting: RHB Currito Campos 0-0: Hit by Pitch
Batting: RHB Dani Torres 0-0: Called Strike
0-1: Ball
1-1: Called Strike
1-2: Ball
2-2: Strikes out swinging
Batting: LHB Derrek Robinson 0-0: Ball
1-0: Called Strike
1-1: Ground out 5-3 (Groundball, 56S)
Top of the 7th over - 0 runs, 0 hits, 0 errors, 1 left on base; Menlo 0 - San Diego 5
BOTTOM OF THE 7TH
San Diego Smashers batting - Pitching for Menlo Maniacs : RHP Brad Small
Batting: RHB Gerald Davis 0-0: Foul Ball, location: 2F
0-1: Swinging Strike
0-2: Ball
1-2: Ball
2-2: SINGLE (Line Drive, 34D)
Batting: RHB Ray Rogers 0-0: Ball
1-0: Ball
2-0: Ball
3-0: Called Strike
3-1: Foul Ball, location: 2F
3-2: Strikes out looking
Batting: SHB Michael Aisher 0-0: Ball
1-0: Fly out, F6 (Line Drive, 56)
Batting: LHB Nick Hill 0-0: Ball
1-0: Called Strike
1-1: Ball
2-1: SINGLE (Groundball, 34) (infield hit)
Gerald Davis to second
Batting: RHB Juan Morales 0-0: Called Strike
0-1: Fielders Choice at 2nd, 6-4 (Groundball, 6)
Bottom of the 7th over - 0 runs, 2 hits, 0 errors, 2 left on base; Menlo 0 - San Diego 5
TOP OF THE 8TH
Menlo Maniacs batting - Pitching for San Diego Smashers : LHP Jorge Mora
Batting: RHB Glenn Carter 0-0: Swinging Strike
0-1: Foul Ball, location: 2F
0-2: Ball
1-2: Foul Ball, location: 2F
1-2: Ground out 6-3 (Groundball, 56)
Batting: LHB Bernardo Rodríguez 0-0: Foul Ball, location: 2F
0-1: Ball
1-1: Foul Ball, location: 2F
1-2: Ball
2-2: Ball
3-2: Strikes out swinging
Batting: RHB Joe Smith 0-0: Ball
1-0: Ball
2-0: Called Strike
2-1: Called Strike
2-2: Ground out 3-1 (Groundball, 34)
Top of the 8th over - 0 runs, 0 hits, 0 errors, 0 left on base; Menlo 0 - San Diego 5
BOTTOM OF THE 8TH
San Diego Smashers batting - Pitching for Menlo Maniacs : RHP Brad Small
Batting: LHB Dale Miller 0-0: Called Strike
0-1: Fly out, F7 (Flyball, 7LSF)
Batting: LHB Richard Brooks 0-0: Called Strike
0-1: Called Strike
0-2: Foul Ball, location: 2F
0-2: Foul Ball, location: 2F
0-2: Foul Ball, location: 2F
0-2: Ball
1-2: Ground out 4-3 (Groundball, 4)
Batting: LHB John White 0-0: Called Strike
0-1: Foul Ball, location: 2F
0-2: Foul Ball, location: 2F
0-2: Foul Ball, location: 2F
0-2: Fly out, F8 (Line Drive, 8LXD)
Bottom of the 8th over - 0 runs, 0 hits, 0 errors, 0 left on base; Menlo 0 - San Diego 5
TOP OF THE 9TH
Menlo Maniacs batting - Pitching for San Diego Smashers : LHP Jorge Mora
Now in RF: Guillermo Deleón
Batting: LHB Bob Campbell 0-0: DOUBLE (Line Drive, 8LD)
Batting: RHB Joe Noble 0-0: SINGLE (Groundball, 34D)
Bob Campbell to third
Batting: RHB Gerald Miller 0-0: Ball
1-0: SINGLE (Line Drive, 34D)
Bob Campbell scores
Joe Noble to second
Pitching: RHP Maurice Green
Batting: RHB Currito Campos 0-0: Ball
1-0: Ball
2-0: Foul Ball, location: 2F
2-1: Ground out 5-3 (Groundball, 56S)
Joe Noble to third
Gerald Miller to second
Pitching: RHP Andre Huff
Batting: RHB Dani Torres 0-0: Fly out, F6 (Popup, 6M)
Batting: LHB Derrek Robinson 0-0: Ground out U3 (Groundball, 34)
Top of the 9th over - 1 run, 3 hits, 0 errors, 2 left on base; Menlo 1 - San Diego 5
Saturday, December 16th, 2017 - OOTP Baseball 18.8 Build 76